 Dungeon Crawl Stone Soup version 0.25-a0-890-g62861fb195 (webtiles) character file.

Game seed: 9838666511233252218, levelgen mode: classic

237 Amnesiac the Chiller (level 5, -1/28 HPs)
             Began as a Deep Elf Ice Elementalist on May 3, 2020.
             Slain by a howler monkey (4 damage)
             ... on level 4 of the Dungeon.
             The game lasted 00:02:44 (646 turns).

Amnesiac the Chiller (Deep Elf Ice Elementalist)     Turns: 646, Time: 00:02:44

Health: -1/28      AC:  2    Str:  5    XL:     5   Next: 77%
Magic:  9/14       EV: 13    Int: 21    God:
Gold:   63         SH:  0    Dex: 15    Spells: 7/14 levels left

rFire    . . .     SeeInvis .   b - +0 dagger
rCold    . . .     Gourm    .   (no shield)
rNeg     . . .     Faith    .   a - +0 robe
rPois    .         Spirit   .   (no helmet)
rElec    .         Reflect  .   (no cloak)
rCorr    .         Harm     .   (no gloves)
MR       .....                  (no boots)
Stlth    ++........             (no amulet)
HPRegen  0.09/turn              (no ring)
MPRegen  0.14/turn              (no ring)

@: frozen ramparts
A: no striking features
a: no special abilities


You were on level 4 of the Dungeon.
You were not hungry.

You visited 1 branch of the dungeon, and saw 4 of its levels.

You collected 63 gold pieces.

Inventory:

Hand Weapons
 b - a +0 dagger (weapon)
Missiles
 f - 24 sling bullets
 i - 26 stones (quivered)
Armour
 a - a +0 robe (worn)
 h - a +0 pair of gloves
Scrolls
 e - a scroll of teleportation {!r, unknown}
 g - 3 scrolls of identify {!r, unknown}
 j - 2 scrolls of remove curse {!r, unknown}
 k - a scroll of fog {!r, unknown}
 l - a scroll of noise {!r, unknown}
Comestibles
 c - 3 rations
 d - 2 chunks of flesh


   Skills:
 - Level 2.4 Dodging
 - Level 3.0 Stealth
 + Level 5.2 Spellcasting
 * Level 6.7 Ice Magic


You had 7 spell levels left.
You knew the following spells:

 Your Spells              Type           Power        Failure   Level  Hunger
a - Freeze                Ice            ####         1%          1    None
b - Frozen Ramparts       Ice            ####..       1%          3    ##.....
z - Ozocubu's Armour      Chrm/Ice       ###.....     8%          3    ##.....

Your spell library contained the following spells:

 Spells                   Type           Power        Failure   Level  Hunger
 Hailstorm                Conj/Ice       ###.....     26%         4    ####...
 Summon Ice Beast         Ice/Summ       ###.....     26%         4    ####...


Dungeon Overview and Level Annotations

Branches:
Dungeon (4/15)
 Temple: D:4-7

Altars:


Message History

Found a stone staircase leading down.
Found 4 gold pieces and 15 arrows.
A worker ant comes into view.
You see here 4 gold pieces.
You now have 63 gold pieces (gained 4).
The worker ant twitches its antennae in your direction.
The worker ant misses you. The worker ant bites you.
The worker ant barely misses you. The worker ant bites you!
You are poisoned.
The worker ant poisons you!
You feel sick.
You feel sick.
Casting: Freeze (safe; 1% risk of failure)
Confirm with . or Enter, or press ? or * to list all spells.
The walls around you are covered in ice.
The wall freezes the worker ant.
The worker ant completely misses you.
You feel sick.
The wall freezes the worker ant! x2
You kill the worker ant!
You feel sick.
You hear the rusting of a very distant drain.
You feel sick.
The frozen ramparts melt away.
You feel sick.
You feel sick.
Some of the chunks of flesh in your inventory have rotted away.
You feel sick.
An orc comes into view. It is wielding a +0 dagger.
The orc shouts!
You hear a shout!
An orc comes into view. It is wielding a +0 flail.
You feel sick.
You are no longer poisoned.
An orc comes into view.
It is wielding a +1 vampiric short sword.
An orc comes into view. It is wielding a +0 short sword.
An orc comes into view. It is wielding a +0 falchion.
The orc moves out of view.
The orc shouts!
You hear a shout!
Found a stone staircase leading down.
Casting: Frozen Ramparts (safe; 1% risk of failure)
Confirm with . or Enter, or press ? or * to list all spells.
The walls around you are covered in ice.
The orc shouts!
The wall freezes the orc.
You kill the orc!
The wall freezes the orc.
You kill the orc!
Things that are here:
a +0 flail; an orc corpse The wall freezes the orc.
The wall freezes the orc!
You kill the orc!
A howler monkey comes into view.
A ball python comes into view.
The frozen ramparts melt away.
The ball python hisses angrily.
The howler monkey howls!
The orc misses you.
Casting: Frozen Ramparts (safe; 1% risk of failure)
Confirm with . or Enter, or press ? or * to list all spells.
The walls around you are covered in ice.
The wall freezes the orc.
The orc misses you.
The wall freezes the howler monkey.
The howler monkey hits you!
* * * LOW HITPOINT WARNING * * *
The wall freezes the orc.
You kill the orc!
The wall freezes the howler monkey.
The howler monkey hits you.
You die...

## . .# # ..# # ##># #
##... ## #..# ##. ##@#
##.. # ###h.# ##..#
....#S))#############..##
..o..............#....##
........########...####
........# ##### ........#
#########


You could see a howler monkey and a ball python.

Vanquished Creatures
  A water moccasin (D:4)
  A howler monkey (D:4)
  A hound (D:4)
  2 worker ants (D:4)
  4 orcs (D:4)
  A bat (D:3)
  2 giant cockroaches
  2 goblins
  2 kobolds
  A quokka (D:4)
  2 frilled lizards
  A leopard gecko skeleton (D:4)
  2 rats
22 creatures vanquished.

Notes
Turn   | Place    | Note
-------+----------+-------------------------------------------
     0 | D:1      | Amnesiac the Deep Elf Ice Elementalist began the quest for
                  | the Orb.
     0 | D:1      | Reached XP level 1. HP: 10/10 MP: 6/6
   205 | D:3      | Reached XP level 2. HP: 15/15 MP: 1/8
   440 | D:4      | Reached skill level 5 in Ice Magic
   440 | D:4      | Reached XP level 3. HP: 12/19 MP: 5/10
   445 | D:4      | Learned a level 3 spell: Frozen Ramparts
   449 | D:4      | Learned a level 3 spell: Ozocubu's Armour
   457 | D:4      | Noticed a water moccasin
   472 | D:4      | Reached XP level 4. HP: 18/24 MP: 7/12
   508 | D:4      | Killed a water moccasin
   508 | D:4      | Reached skill level 6 in Ice Magic
   508 | D:4      | Reached XP level 5. HP: 24/28 MP: 7/14
   509 | D:4      | Reached skill level 5 in Spellcasting
   646 | D:4      | Slain by a howler monkey

Levels and vault maps discovered:
D:1:      mushboom_english_gardens, layout_basic, serial_forest,
          infiniplex_forest_clump_tiny, infiniplex_forest_fountain,
          infiniplex_forest_3_way, infiniplex_forest_end_2,
          infiniplex_forest_clump_curved, infiniplex_forest_lined_room_2,
          cheibriados_altar_1
D:2:      layout_basic, minmay_split_cup_large
D:3:      layout_rooms, grunt_decor_arrowhead, wad_floor_pattern_2,
          nrook_loot_triangle
D:4:      layout_rooms, first_ration, portal_sewer_entry_b, grunt_ministairs_12,
          minmay_fractal_squares_5

Skill      XL: |  1  2  3  4  5 |
---------------+----------------+-----
Stealth        | 3 |  3.0
Ice Magic      | 5 6 |  6.7
Spellcasting   | 4 5 |  5.2
Dodging        | |  2.4

Action                   |  1- 3 |  4- 6 || total
-------------------------+-------+-------++-------
Melee: Dagger            |     3 |    10 ||    13
 Cast: Freeze            |    18 |     7 ||    25
       Frozen Ramparts   |     1 |     4 ||     5
Armor: Robe              |     2 |       ||     2
Dodge: Dodged            |    12 |    16 ||    28

Table legend:
 A = Non-vault XP
 B = Vault XP
 C = Vault XP percentage of total XP
 D = Non-vault monster count
 E = Vault monster count
 F = Vault count percentage of total count
                 A         B        C        D         E       F
            +---------+---------+-------+---------+---------+-------
      Total |     106 |     233 |  68.7 |      18 |       4 |  18.2
            +---------+---------+-------+---------+---------+-------
        D:1 |       6 |       0 |   0.0 |       4 |       0 |   0.0
        D:3 |       9 |       0 |   0.0 |       6 |       0 |   0.0
        D:4 |      91 |     233 |  71.9 |       8 |       4 |  33.3
            +---------+---------+-------+---------+---------+-------
